General information
- name: BNet
- type: Ladder team game (AT/RT)
- host: Battle.net
- saver: LAV-C_CUSTOM
map: Battleground
- players: 8
- length: 24:48
- speed: Fast
- version: 1.26 W3XP
- replay type: Public
» download(130 KB)
Players
team 1 (loser)

»
GANGSTARR-QC (
yellow | 31 APM | 757 actions | 24:28)
5 Death Knight
3 Death Coil
2 Unholy Aura
3 Lich
2 Frost Nova
1 Dark Ritual
» actions
| Basic commands | 17 | |
| Build / train | 86 | |
| Enter build submenu | 32 | |
| Enter hero's abilities submenu | 8 | |
| Remove unit from queue | 1 | |
| Right click | 318 | |
| Select / deselect | 233 | |
| Use ability | 62 | |
757 total
» units
| Acolyte | 21 | |
| Ghoul | 8 | |
| Crypt Fiend | 17 | |
| Forest Troll Shadow Priest | 1 | |
| Forest Troll Berserker | 1 | |
| Mud Golem | 1 | |
| Ogre Mauler | 1 | |
| Frost Wyrm | 8 | |
58 total
» upgrades
| Creature Attack | 2 | |
| Creature Carapace | 2 | |
| Web | 1 | |
| Freezing Breath | 1 | |
6 total
» buildings
| Graveyard | 1 | |
| Ziggurat | 11 | |
| Crypt | 2 | |
| Altar of Darkness | 1 | |
| Tomb of Relics | 1 | |
| Halls of the Dead | 1 | |
| Necropolis | 2 | |
| Spirit Tower | 2 | |
| Black Citadel | 1 | |
| Sacrificial Pit | 1 | |
| Slaughterhouse | 1 | |
| Boneyard | 2 | |
26 total
» build order
00:13 Graveyard
00:17 Ziggurat
00:20 Crypt
00:35 Altar of Darkness
01:01 Crypt
01:38 Ziggurat
03:46 Ziggurat
03:49 Ziggurat
03:51 Tomb of Relics
05:19 Halls of the Dead
05:51 Ziggurat
05:54 Ziggurat
05:57 Ziggurat
06:41 Necropolis
07:48 Spirit Tower
07:51 Black Citadel
08:03 Ziggurat
10:43 Sacrificial Pit
11:40 Slaughterhouse
11:44 Boneyard
13:36 Boneyard
18:44 Necropolis
18:46 Ziggurat
18:49 Ziggurat
18:52 Ziggurat
20:27 Spirit Tower
» items
| Orb of Lightning | 1 | |
| Scroll of Town Portal | 2 | |
| Scroll of Speed | 1 | |
| Healing Salve | 2 | |
6 total
Blood_Shell (
orange | 33 APM | 805 actions | 24:43)
6 Blademaster
1 Wind Walk
3 Critical Strike
1 Mirror Image
1 Bladestorm
2 Shadow Hunter
1 Healing Wave
1 Hex
» actions
| Assign group hotkey | 4 | |
| Build / train | 55 | |
| Enter build submenu | 12 | |
| Enter hero's abilities submenu | 8 | |
| Give item / drop item | 1 | |
| Right click | 470 | |
| Select / deselect | 198 | |
| Select group hotkey | 4 | |
| Use ability | 53 | |
805 total
» units
| Peon | 12 | |
| Wind Rider | 17 | |
| Troll Batrider | 3 | |
32 total
» upgrades
» buildings
| Altar of Storms | 1 | |
| Orc Burrow | 6 | |
| Voodoo Lounge | 1 | |
| War Mill | 1 | |
| Stronghold | 1 | |
| Beastiary | 2 | |
| Fortress | 1 | |
13 total
» build order
00:21 Altar of Storms
00:37 Orc Burrow
00:55 Voodoo Lounge
01:35 War Mill
01:40 Orc Burrow
02:08 Orc Burrow
02:37 Stronghold
04:45 Orc Burrow
05:01 Beastiary
05:12 Beastiary
05:58 Fortress
11:18 Orc Burrow
12:24 Orc Burrow
» items
| Healing Salve | 1 | |
| Lesser Clarity Potion | 2 | |
| Scroll of Speed | 1 | |
| Boots of Speed | 1 | |
| Orb of Lightning | 1 | |
| Potion of Healing | 1 | |
7 total
I_UNSUMMON_YOU (
pink | 12 APM | 289 actions | 24:47)
» actions
| Right click | 190 | |
| Select / deselect | 95 | |
| Use ability | 4 | |
289 total

»
LOBOFURTIVO (
blue | 38 APM | 940 actions | 24:30)
7 Blademaster
3 Wind Walk
3 Critical Strike
1 Bladestorm
» actions
| Assign group hotkey | 54 | |
| Basic commands | 71 | |
| Build / train | 58 | |
| Enter build submenu | 15 | |
| Enter hero's abilities submenu | 6 | |
| Right click | 205 | |
| Select / deselect | 180 | |
| Select group hotkey | 277 | |
| Use ability | 74 | |
940 total
» units
| Peon | 12 | |
| Grunt | 2 | |
| Troll Witch Doctor | 4 | |
| Tauren | 9 | |
27 total
» upgrades
| Pillage | 1 | |
| Armor | 3 | |
| Melee Weapons | 3 | |
| Spiked Barricades | 2 | |
| Witch Doctor Training | 2 | |
| Reinforced Defenses | 1 | |
| Pulverize | 1 | |
13 total
» buildings
| Orc Burrow | 8 | |
| Altar of Storms | 1 | |
| Barracks | 2 | |
| Voodoo Lounge | 1 | |
| War Mill | 1 | |
| Watch Tower | 4 | |
| Stronghold | 1 | |
| Fortress | 1 | |
| Spirit Lodge | 1 | |
| Tauren Totem | 2 | |
22 total
» build order
00:29 Orc Burrow
00:40 Altar of Storms
00:44 Barracks
01:05 Voodoo Lounge
01:42 Orc Burrow
01:44 Orc Burrow
02:18 War Mill
02:35 Barracks
03:46 Watch Tower
03:47 Watch Tower
03:48 Watch Tower
03:49 Watch Tower
05:11 Stronghold
05:34 Orc Burrow
05:38 Orc Burrow
05:40 Orc Burrow
05:46 Orc Burrow
05:49 Orc Burrow
07:45 Fortress
07:54 Spirit Lodge
10:09 Tauren Totem
10:10 Tauren Totem
» items
| Healing Salve | 4 | |
| Lesser Clarity Potion | 1 | |
| Scroll of Town Portal | 1 | |
| Potion of Healing | 2 | |
8 total
team 2 (winner)
LittleWanKa (
purple | 38 APM | 942 actions | 24:48)
8 Priestess of the Moon
3 Trueshot Aura
3 Searing Arrows
1 Starfall
1 Scout
» actions
| Build / train | 84 | |
| Enter build submenu | 16 | |
| Enter hero's abilities submenu | 9 | |
| Remove unit from queue | 8 | |
| Right click | 550 | |
| Select / deselect | 247 | |
| Use ability | 28 | |
942 total
» units
» upgrades
| Strength of the Moon | 3 | |
| Moon Armor | 3 | |
| Upgrade Moon Glaive | 1 | |
| Strength of the Wild | 1 | |
| Reinforced Hides | 1 | |
| Sentinel | 1 | |
10 total
» buildings
| Altar of Elders | 1 | |
| Moon Well | 6 | |
| Ancient of War | 2 | |
| Hunter's Hall | 1 | |
| Ancient of Wonders | 1 | |
| Tree of Ages | 1 | |
| Ancient Protector | 1 | |
| Tree of Life | 1 | |
| Tree of Eternity | 1 | |
| Ancient of Wind | 1 | |
16 total
» build order
00:14 Altar of Elders
00:21 Moon Well
00:40 Ancient of War
02:41 Moon Well
02:51 Moon Well
04:11 Hunter's Hall
05:07 Ancient of Wonders
05:31 Moon Well
09:24 Tree of Ages
09:30 Moon Well
10:20 Ancient Protector
10:47 Moon Well
12:16 Ancient of War
14:20 Tree of Life
14:38 Tree of Eternity
24:04 Ancient of Wind
LAV-C_CUSTOM (
green | 11 APM | 276 actions | 24:48)
» actions
| Right click | 12 | |
| Select / deselect | 261 | |
| Use ability | 3 | |
276 total

»
gnomefacetwenty (
teal | 51 APM | 1258 actions | 24:48)
8 Dreadlord
3 Carrion Swarm
3 Vampiric Aura
1 Inferno
1 Sleep
4 Lich
2 Frost Armor
1 Frost Nova
1 Dark Ritual
» actions
| Basic commands | 14 | |
| Build / train | 94 | |
| Enter build submenu | 19 | |
| Enter hero's abilities submenu | 12 | |
| Remove unit from queue | 1 | |
| Right click | 647 | |
| Select / deselect | 397 | |
| Use ability | 74 | |
1258 total
» units
| Acolyte | 8 | |
| Ghoul | 10 | |
| Crypt Fiend | 8 | |
| Forest Troll Shadow Priest | 1 | |
| Ogre Mauler | 1 | |
| Forest Troll Berserker | 1 | |
| Obsidian Statue | 5 | |
| Gargoyle | 14 | |
| Abomination | 5 | |
| Meatwagon | 4 | |
57 total
» upgrades
| Unholy Armor | 2 | |
| Creature Carapace | 2 | |
| Cannibalize | 1 | |
| Unholy Strength | 2 | |
| Creature Attack | 2 | |
| Web | 1 | |
| Ghoul Frenzy | 1 | |
| Disease Cloud | 1 | |
12 total
» buildings
| Altar of Darkness | 1 | |
| Crypt | 2 | |
| Ziggurat | 9 | |
| Tomb of Relics | 1 | |
| Graveyard | 1 | |
| Halls of the Dead | 1 | |
| Slaughterhouse | 1 | |
| Black Citadel | 1 | |
17 total
» build order
00:10 Altar of Darkness
00:16 Crypt
00:21 Ziggurat
00:59 Tomb of Relics
01:08 Graveyard
01:26 Ziggurat
02:38 Ziggurat
02:47 Crypt
05:09 Ziggurat
06:17 Halls of the Dead
09:11 Slaughterhouse
09:46 Ziggurat
11:07 Black Citadel
17:55 Ziggurat
17:57 Ziggurat
17:59 Ziggurat
18:02 Ziggurat
» items
| Circlet of Nobility | 1 | |
| Potion of Healing | 3 | |
| Orb of Corruption | 1 | |
| Potion of Mana | 1 | |
6 total

»
masterfuji (
red | 44 APM | 1079 actions | 24:48)
9 Archmage
3 Summon Water Elemental
3 Brilliance Aura
1 Mass Teleport
2 Blizzard
» actions
| Assign group hotkey | 23 | |
| Basic commands | 17 | |
| Build / train | 94 | |
| Enter build submenu | 37 | |
| Enter hero's abilities submenu | 9 | |
| Give item / drop item | 1 | |
| Right click | 315 | |
| Select / deselect | 262 | |
| Select group hotkey | 256 | |
| Use ability | 65 | |
1079 total
» units
| Peasant | 22 | |
| Rifleman | 17 | |
| Forest Troll Shadow Priest | 1 | |
| Priest | 6 | |
| Siege Engine | 3 | |
49 total
» upgrades
| Gunpowder | 3 | |
| Masonry | 3 | |
| Armor | 3 | |
| Long Rifles | 1 | |
| Lumber Harvesting | 2 | |
| Priest Training | 2 | |
| Plating | 1 | |
| Barrage | 1 | |
| Magic Sentry | 1 | |
17 total
» buildings
| Farm | 10 | |
| Blacksmith | 1 | |
| Barracks | 2 | |
| Altar of Kings | 1 | |
| Lumber Mill | 2 | |
| Arcane Vault | 3 | |
| Scout Tower | 14 | |
| Arcane Tower | 3 | |
| Guard Tower | 9 | |
| Keep | 1 | |
| Castle | 1 | |
| Town Hall | 1 | |
| Arcane Sanctum | 1 | |
| Workshop | 2 | |
51 total
» build order
00:07 Farm
00:27 Blacksmith
00:44 Barracks
00:50 Farm
01:30 Altar of Kings
01:41 Farm
01:51 Lumber Mill
02:18 Farm
03:08 Arcane Vault
04:14 Scout Tower
05:07 Scout Tower
05:10 Scout Tower
05:24 Scout Tower
05:36 Arcane Tower
05:40 Guard Tower
05:54 Guard Tower
06:03 Arcane Vault
07:27 Scout Tower
07:31 Arcane Vault
07:58 Guard Tower
08:01 Scout Tower
08:24 Farm
08:31 Arcane Tower
08:46 Keep
09:36 Farm
10:08 Scout Tower
10:47 Farm
10:52 Scout Tower
10:53 Scout Tower
10:55 Arcane Tower
14:01 Castle
14:31 Town Hall
14:34 Guard Tower
14:36 Guard Tower
15:01 Lumber Mill
15:56 Barracks
16:00 Arcane Sanctum
17:50 Scout Tower
18:11 Scout Tower
18:28 Workshop
18:40 Guard Tower
18:43 Scout Tower
19:13 Guard Tower
19:32 Workshop
20:03 Scout Tower
21:08 Farm
21:11 Farm
21:13 Guard Tower
23:03 Guard Tower
23:50 Farm
23:54 Scout Tower
» items
| Scroll of Regeneration | 1 | |
| Orb of Fire | 1 | |
| Scroll of Town Portal | 2 | |
4 total
Chat log
(00:09 / All) I_UNSUMMON_YOU: ID LIKE TO INTRODUCE YOU ALL TO AN EXPERIMENT
(00:20 / All) I_UNSUMMON_YOU: THIS IS FOR SCIENCE
(00:26 / Allies) LittleWanKa: ?
(00:29 / All) gnomefacetwenty: Green?
(00:33 / All) I_UNSUMMON_YOU: SCIENCE BITCHES
(00:34 / All) I_UNSUMMON_YOU: IT WORKS
(00:42 / All) LAV-C_CUSTOM: no
(00:44 / All) LAV-C_CUSTOM: i'm not green
(00:45 / All) gnomefacetwenty: it does.
(00:46 / All) LAV-C_CUSTOM: Not anymore.
(00:50 / All) gnomefacetwenty: thuogh green? why?
(00:59 / All) LittleWanKa: really... a plant?
(00:59 / All) LAV-C_CUSTOM: That was another me
(01:00 / All) I_UNSUMMON_YOU: DONT WORRY TEAL HE AINT THE ONLY ONE <3
(01:27 / All) I_UNSUMMON_YOU: wtf pies
(01:30 / All) I_UNSUMMON_YOU: noone left yet
(01:31 / All) I_UNSUMMON_YOU: geez
(01:43 / All) I_UNSUMMON_YOU: HEY ORANGE
(01:45 / All) I_UNSUMMON_YOU: ID LIKE TO INTRODUCE YOU TO AN ASPECT OF REAL TIME STRATEGIES
(01:48 / All) I_UNSUMMON_YOU: ITS CALLED SHIFT BUILDING
(01:51 / All) I_UNSUMMON_YOU: YOU MIGHT FIND IT HANDY
(01:51 / All) LAV-C_CUSTOM: honestly purple
(01:55 / All) LAV-C_CUSTOM: What would you gain from me leaving NOW?
(02:10 / Allies) LittleWanKa: toy not telling your buddies our strat
(02:12 / Allies) LittleWanKa: duh
(02:16 / All) LAV-C_CUSTOM: oh
(02:17 / All) LAV-C_CUSTOM: right
(02:17 / All) LAV-C_CUSTOM: well
(02:19 / All) LAV-C_CUSTOM: I'm not doing that
(02:24 / All) LAV-C_CUSTOM: You have my word
(02:25 / All) I_UNSUMMON_YOU: what would he gain exactly?
(02:26 / All) LAV-C_CUSTOM: And my bow
(02:29 / All) LAV-C_CUSTOM: And MY AXE
(02:36 / All) LAV-C_CUSTOM: he's worried i'll tell you guys what they're doing
(02:41 / All) I_UNSUMMON_YOU: LOL
(02:42 / All) I_UNSUMMON_YOU: sif
(02:56 / All) LAV-C_CUSTOM: Even if I DID leave purple
(03:15 / All) LAV-C_CUSTOM: what would stop me from just whispering them and going "HERE'S WHAT THEY HAVE LOL"
(03:28 / All) I_UNSUMMON_YOU: LIKE I SAID YELLOW
(03:30 / All) I_UNSUMMON_YOU: THIS IS AN EXPERIMENT
(03:36 / All) I_UNSUMMON_YOU: FOR SCIENCE
(03:38 / All) I_UNSUMMON_YOU: IT WORKS BITCHES
(03:41 / All) LittleWanKa: how is it an experiment
(03:50 / All) LAV-C_CUSTOM: We know you queued up for a four vs four, but we're swtiching it to a 3v3!
(03:52 / All) LittleWanKa: you guys both que at the same time
(03:59 / All) LittleWanKa: how hard is that
(04:15 / 6) I_UNSUMMON_YOU: yellow expanded my mine, i noticed noone on your team expanded yours :/
(04:45 / All) LittleWanKa: ive done it... but whats the point. im not gonna intentionally throw a game cause im bored
(04:45 / All) I_UNSUMMON_YOU: lol wtf is red doing
(04:47 / All) I_UNSUMMON_YOU: seriously
(04:56 / All) I_UNSUMMON_YOU: bye AM :/
(05:26 / All) LAV-C_CUSTOM: All the pros get am
(05:28 / All) LAV-C_CUSTOM: therefor
(05:29 / All) LAV-C_CUSTOM: Am is best
(05:31 / Allies) LAV-C_CUSTOM: Obviously
(05:36 / All) LAV-C_CUSTOM: Obvioulsy
(05:39 / All) I_UNSUMMON_YOU: nerf angel magic
(06:18 / All) I_UNSUMMON_YOU: lol blue is fucking around towering up, his hero is bumming around in his base, hasnt even creeped his green
(06:27 / All) LAV-C_CUSTOM: Neither have my allies
(06:28 / All) LAV-C_CUSTOM: Cept teal
(06:29 / Allies) gnomefacetwenty: hit red zone
(06:35 / All) LAV-C_CUSTOM: oh
(06:36 / All) LAV-C_CUSTOM: right
(06:38 / All) LAV-C_CUSTOM: I'm not telling
(06:41 / All) LAV-C_CUSTOM: *zip*
(06:42 / All) I_UNSUMMON_YOU: my team is also expoing your base, better tell your team to expo it before they do
(06:53 / All) I_UNSUMMON_YOU: gotta keep this game even
(06:55 / All) I_UNSUMMON_YOU: its for science
(07:01 / All) LAV-C_CUSTOM: good job red
(07:05 / All) LAV-C_CUSTOM: That was well executed.
(07:49 / All) I_UNSUMMON_YOU: DL GOOLZ EH
(08:09 / All) LAV-C_CUSTOM: We're doing this for E-SPORTS by the way.
(08:20 / All) LAV-C_CUSTOM: E-SPORTS™: TO THE GAME
(08:27 / All) I_UNSUMMON_YOU: E-SPORTS BITCHES, IT WORKS
(08:32 / Allies) gnomefacetwenty: b
(08:45 / All) I_UNSUMMON_YOU: no boots of speed blue?
(08:47 / All) LAV-C_CUSTOM: nice block teal
(09:04 / All) LAV-C_CUSTOM: I think we got thsi
(09:13 / All) LAV-C_CUSTOM: Nevermind purps' suiciding
(09:22 / All) I_UNSUMMON_YOU: potm archers is funny against a DK
(09:30 / All) LAV-C_CUSTOM: and BLADEMASTERS WITH GRUNTS
(09:31 / All) I_UNSUMMON_YOU: too bad yellow was too stupid to coil the archers instead of the POTM
(09:48 / All) LAV-C_CUSTOM: Red and teal know how to play though
(09:49 / All) LAV-C_CUSTOM: So that's good
(09:57 / All) I_UNSUMMON_YOU: 'k
(10:04 / Allies) gnomefacetwenty: need another gold mine
(10:06 / Allies) gnomefacetwenty: meet mid all
(10:07 / Allies) gnomefacetwenty: hit red
(10:26 / Allies) gnomefacetwenty: meet now
(10:27 / Allies) gnomefacetwenty: NOW
(12:11 / All) I_UNSUMMON_YOU: has you team expoed your mine yet?
(12:38 / All) I_UNSUMMON_YOU: YELLOW MAYBE IF YOU PING MORE, YOUR UNITS WILL ARRIVE FASTER
(13:04 / All) LAV-C_CUSTOM: oh thi sis brutal
(13:08 / All) LAV-C_CUSTOM: aeuheuhaeuheauheauh
(13:17 / Allies) LAV-C_CUSTOM: out teal
(13:20 / Allies) gnomefacetwenty: i b
(13:37 / Allies) LAV-C_CUSTOM: foucs orange
(13:37 / All) I_UNSUMMON_YOU: lol coils a hunt instead of the low HP archer
(13:38 / Allies) LAV-C_CUSTOM: oragne bm
(13:40 / Allies) LAV-C_CUSTOM: is amlmsot dead
(13:41 / Allies) LAV-C_CUSTOM: kill it
(13:55 / All) I_UNSUMMON_YOU: YOU NEED TO WATCH MY DEATH COIL ADVENTURE YELLOW
(14:23 / All) I_UNSUMMON_YOU: YELLOW SERIOUSLY, GO TO YOUTUBE AND TYPE IN "DEATH KNIGHT DEATH COIL TEELO"
(15:06 / All) I_UNSUMMON_YOU: YELLOW IF YOU ARE GOING TO DEATH COIL OFFENSIVELY, YOU NEED TO TARGET UNITS THAT YOUR COIL WILL ACTUALLY KILL
(15:12 / All) I_UNSUMMON_YOU: NOT A HUNT THAT WAS AT FULL HEALTH LOL
(15:54 / All) I_UNSUMMON_YOU: ORANGE, THIS IS COMING FRM THE GUY WHO FUCKED AROUND WITH WYVERNS WHILE YOUR TEAM WAS FIGHTING ONE SCREEN AWAY?
(16:11 / Allies) gnomefacetwenty: B
(16:43 / Allies) LAV-C_CUSTOM: good one
(17:29 / All) I_UNSUMMON_YOU: BTW YELLOW ONE COIL RIGHT NOW WILL KILL THE POTM
(17:38 / All) LAV-C_CUSTOM: Hah,
(17:41 / All) LAV-C_CUSTOM: Not the rifle though
(17:46 / All) I_UNSUMMON_YOU: YEAH LOL
(18:05 / All) LAV-C_CUSTOM: eventually you'll get a feel for using the Alt-key
(18:14 / All) I_UNSUMMON_YOU: ONLY NOOBS USE AN ALT KEY
(18:22 / All) I_UNSUMMON_YOU: HP BARS ALWAYS ON DURRRRRRRRR
(18:23 / All) LAV-C_CUSTOM: Eh
(18:27 / All) LAV-C_CUSTOM: I don't feel like doing that
(18:34 / All) I_UNSUMMON_YOU: TOO MUCH CLUTTER?
(18:35 / All) LAV-C_CUSTOM: looks cooler without them
(18:36 / All) LAV-C_CUSTOM: yeah
(18:38 / All) I_UNSUMMON_YOU: IF YOU WANT CLUTTER GO TRY WOW LOL
(18:40 / All) LAV-C_CUSTOM: It ruins e-sports for me
(18:40 / Allies) gnomefacetwenty: MEET
(19:16 / All) LAV-C_CUSTOM: Purps insisting on making more hunts
(19:23 / All) LAV-C_CUSTOM: because it's been working so well
(19:26 / All) I_UNSUMMON_YOU: late game hunts are funny
(19:32 / All) LAV-C_CUSTOM: Against EVERY HARD COUNTER TO THEM
(19:43 / All) I_UNSUMMON_YOU: as aremeat wagons against air
(19:55 / All) LAV-C_CUSTOM: ok
(19:56 / All) LAV-C_CUSTOM: That was kinda cool
(19:58 / All) I_UNSUMMON_YOU: poor potm :(
(20:23 / Allies) LAV-C_CUSTOM: awww yeah good one
(20:27 / All) I_UNSUMMON_YOU: heh taverns the BM only to die again
(20:45 / All) LAV-C_CUSTOM: Let's all go to the tavern... and feed some more xp
(20:59 / All) I_UNSUMMON_YOU: we're going to the tav tav tav
(21:01 / All) I_UNSUMMON_YOU: how about you you you
(21:04 / All) I_UNSUMMON_YOU: you can come too too too
(21:29 / All) I_UNSUMMON_YOU: love how blue isnt killing the wagon
(21:35 / All) I_UNSUMMON_YOU: nvm finally lol
(22:35 / Allies) LAV-C_CUSTOM: ok
(22:40 / Allies) LAV-C_CUSTOM: good one
(22:42 / All) I_UNSUMMON_YOU: YEAH JUST TANK THE BLIZZARD YELLOW
(22:48 / All) LAV-C_CUSTOM: lol
(23:16 / All) LAV-C_CUSTOM: I mean
(23:16 / All) LAV-C_CUSTOM: Pur
(23:19 / All) LAV-C_CUSTOM: if you're gonna mass hunts
(23:28 / All) LAV-C_CUSTOM: At least plant owls everywher to negate wind walk
(23:41 / All) I_UNSUMMON_YOU: YOU'D THINK
(23:59 / All) LAV-C_CUSTOM: I know with your 2.5k it's a little hard to afford
(24:05 / All) LAV-C_CUSTOM: But it might be a good investment in the long run
(24:05 / All) I_UNSUMMON_YOU: QUICK OJ BETTER GET SOME BATS
(24:22 / All) LAV-C_CUSTOM: These
(24:28 / All) LAV-C_CUSTOM: Are the absolute worst fucking blademasters I've ever seen
(24:37 / All) I_UNSUMMON_YOU: SCIENCE, BITCHES
(24:38 / All) I_UNSUMMON_YOU: IT WORKS